 Dungeon Crawl Stone Soup version 0.25.1-2-g60ff931df9 (webtiles) character file.

Game seed: 8056906435050380827

1439 lepoulpe303 the Ducker (level 8, -6/42 HPs)
             Began as a Spriggan Abyssal Knight on Aug 14, 2020.
             Was an Elder of Lugonu.
             Mangled by a white ugly thing (12 damage)
             ... on level 6 of the Dungeon.
             The game lasted 00:31:00 (9923 turns).

lepoulpe303 the Ducker (Spriggan Abyssal Knight)    Turns: 9923, Time: 00:31:01

Health: -6/42      AC:  3    Str: 10    XL:     8   Next: 45%
Magic:  12/12      EV: 23    Int: 16    God:    Lugonu [****..]
Gold:   335        SH:  0    Dex: 17    Spells: 7/7 levels left

rFire    . . .     SeeInvis +   a - +2 rapier
rCold    . . .     Gourm    .   (shield restricted)
rNeg     . . .     Faith    .   m - +0 robe
rPois    .         Spirit   .   (helmet restricted)
rElec    .         Reflect  .   G - +0 cloak
rCorr    .         Harm     .   (gloves unavailable)
MR       +....                  (boots unavailable)
Stlth    ++++......             (no amulet)
HPRegen  0.14/turn              k - ring of flight
MPRegen  0.13/turn              (no ring)

@: very quick
A: very small, unfitting armour, thin skeletal structure 1, see invisible,
clever 1, herbivore, speed 3, slow metabolism 2
a: Depart the Abyss, Bend Space, Banish, Corrupt, Renounce Religion, Evoke
Flight


You were on level 6 of the Dungeon.
You worshipped Lugonu.
Lugonu was greatly pleased with you.
You were not hungry.

You visited 1 branch of the dungeon, and saw 6 of its levels.
You visited the Abyss 1 time.
You also visited: Ossuary.

You collected 335 gold pieces.

Inventory:

Hand Weapons
 a - a +2 rapier (weapon)
 b - a +2 dagger of holy wrath
 E - a +1 short sword
 L - a +2 whip of venom
Missiles
 y - 26 sling bullets
 z - a throwing net {=f}
 D - a boomerang
 F - 4 poisoned darts (quivered)
Armour
 m - a +0 robe (worn)
 G - a +0 cloak (worn)
Jewellery
 k - a ring of flight (left hand)
Wands
 v - a wand of iceblast (4)
Scrolls
 c - 2 scrolls of amnesia
 f - a scroll of enchant armour {unknown}
 g - a scroll of random uselessness {unknown}
 i - 2 scrolls of identify
 j - 2 scrolls of magic mapping {unknown}
 n - a scroll of fear {unknown}
 o - 2 scrolls of enchant weapon
 q - a scroll of noise {unknown}
 r - a scroll of fog {unknown}
 t - 3 scrolls of teleportation
 u - 2 scrolls of blinking {unknown}
 H - 2 scrolls of remove curse {unknown}
 K - a scroll of summoning {unknown}
Potions
 d - 2 potions of berserk rage {!q}
 h - 2 potions of invisibility
 l - a potion of mutation {!q}
 p - 3 potions of might {unknown}
 s - 2 potions of stabbing
 w - 4 potions of flight
 x - a potion of magic
 A - a potion of resistance
 B - a potion of haste {unknown}
 C - a potion of heal wounds {unknown}
 I - a potion of degeneration {unknown}
 J - a potion of curing {unknown}
 M - 2 potions of brilliance {unknown}
Comestibles
 e - 6 rations


   Skills:
 * Level 4.4 Fighting
 * Level 5.2 Short Blades
 + Level 2.2 Armour
 * Level 7.2 Dodging
 * Level 6.7 Stealth
 * Level 4.8 Invocations


You had 7 spell levels left.
You didn't know any spells.
Your spell library contained the following spells:

 Spells                   Type           Power        Failure   Level  Hunger
 Animate Skeleton         Necr           N/A          26%         1    ##.....
 Apportation              Tloc           #.....       26%         1    ##.....
 Corona                   Hex            #......      26%         1    ##.....
 Foxfire                  Conj/Fire      #...         26%         1    ##.....
 Summon Small Mammal      Summ           #...         26%         1    ##.....
 Conjure Flame            Conj/Fire      #.......     58%         3    ####...
 Inner Flame              Hex/Fire       #.......     58%         3    ####...
 Sticky Flame             Conj/Fire      #.......     94%         4    #####..
 Fireball                 Conj/Fire      #.........   100%        5    ######.


Dungeon Overview and Level Annotations

Branches:
Dungeon (6/15)             Temple (0/1) D:4         Ossuary (visited)

Altars:
Dithmenos

Shops:
D:4 %


Innate Abilities, Weirdness & Mutations

You are very small and have problems with some larger weapons.
You are too small for most types of armour.
You have supernaturally acute eyesight. (SInv)
You are a herbivore.
You cover ground extremely quickly.
You need to consume almost no food.
You have a somewhat thin skeletal structure. (Dex +2, Stealth)
Your mind is acute. (Int +2)


Message History

The white ugly thing freezes you!!
Ouch! That really hurt!
* * * LOW HITPOINT WARNING * * *
You take 38 damage, and have 4/42 hp.
MASSIVE DAMAGE!!
Aim: a white ugly thing (heavily wounded)
The mass of ice explodes!
The iceblast engulfs the white ugly thing!
The white ugly thing partially resists.
You hear a shout!
Aim: a white ugly thing (severely wounded)
The mass of ice explodes!
The iceblast engulfs the white ugly thing!
The white ugly thing partially resists.
Aim: a white ugly thing (severely wounded)
The mass of ice explodes!
The iceblast engulfs the white ugly thing!
The white ugly thing partially resists.
The white ugly thing tail-slaps you!
You die...

#.............#
...........##.#
...........##.#
............#.##
##.#........#..#
#.##........#.##
#.......(.#<.#
#.......#.u..####
#....)..#.#@....##
##.....##†.......##
##...###.........#
##.## #.).......#
## #.........#
#.........#
#.........#
#.........#
##.........#


You could see a white ugly thing.

Levels and vault maps discovered:
D:1:      matt_arrival_diagonals, layout_basic, chequers_mini_garden
D:2:      layout_basic, chequers_ecumenical_altar_simple_redux,
          kennysheep_another_room, minmay_cupped, uniq_jessica
D:3:      layout_rooms
D:4:      layout_basic, minmay_temple_entry_hall, serial_shops,
          nicolae_shop_behind_doors, first_ration, lemuel_tele_altar,
          uniq_blork_the_orc
D:5:      minmay_diamond_boxcup, layout_cave_pools,
          nicolae_ossuary_entry_monument
D:6:      layout_rooms, bloody_trog, ebering_ghost_disaster_area,
          uniq_prince_ribbit1

Notes
Turn   | Place    | Note
-------+----------+-------------------------------------------
     0 | Abyss:1  | lepoulpe303 the Spriggan Abyssal Knight began the quest for
                  | the Orb.
     0 | Abyss:1  | Reached XP level 1. HP: 11/11 MP: 3/3
    64 | Abyss:1  | Noticed a large abomination
    77 | Abyss:1  | Noticed a flying skull
    83 | Abyss:1  | Noticed a shadow
   112 | Abyss:3  | Noticed a small abomination
   143 | Abyss:4  | Noticed a cacodemon
   143 | Abyss:4  | Noticed an eye of draining
   143 | Abyss:4  | Noticed an Executioner
   143 | Abyss:4  | Noticed a flying skull
   143 | Abyss:4  | Noticed a glowing orange brain
   143 | Abyss:4  | Noticed an eye of draining
   143 | Abyss:4  | Noticed a cacodemon
   143 | Abyss:4  | Noticed a small abomination
   143 | Abyss:4  | Noticed a large abomination
   143 | Abyss:4  | Noticed a flying skull
   143 | Abyss:4  | Noticed a golden eye
   143 | Abyss:4  | Noticed a titanic slime creature
   170 | Abyss:4  | Noticed a hell hound
   171 | Abyss:4  | Noticed a frost giant simulacrum
   175 | D:1      | Escaped the Abyss
   176 | D:1      | Identified 2 scrolls of identify
   176 | D:1      | Identified a scroll of amnesia
   403 | D:1      | Identified a +2 whip of venom
   412 | D:1      | Identified a +0 dagger
   459 | D:1      | Reached skill level 1 in Stealth
   549 | D:1      | Reached * piety under Lugonu
   549 | D:1      | Reached XP level 2. HP: 15/16 MP: 4/4
   769 | D:1      | Identified a +0 short sword
   812 | D:1      | Identified a +0 club
   822 | D:1      | Reached skill level 2 in Invocations
   840 | D:1      | Identified a +0 club
  1097 | D:1      | Identified a +0 dagger
  1482 | D:2      | Reached XP level 3. HP: 19/19 MP: 5/5
  1506 | D:2      | Identified a +1 short sword
  1584 | D:2      | Reached skill level 4 in Dodging
  1711 | D:2      | Identified a +0 club
  1718 | D:2      | Identified a +0 whip
  1763 | D:2      | Reached skill level 2 in Stealth
  2008 | D:2      | Reached XP level 4. HP: 17/23 MP: 6/6
  2075 | D:2      | Identified a +0 club
  2206 | D:2      | Identified a +0 dagger
  2206 | D:2      | Identified a +0 robe
  2206 | D:2      | Noticed Jessica
  2217 | D:2      | Killed Jessica
  2217 | D:2      | Reached ** piety under Lugonu
  2311 | D:2      | Identified a +0 dagger
  2430 | D:2      | Identified a +0 dagger
  2845 | D:2      | Found a faded altar of an unknown god.
  2995 | D:2      | Identified 3 scrolls of teleportation
  3045 | D:3      | Identified a +0 dagger
  3214 | D:3      | Reached skill level 3 in Short Blades
  3275 | D:3      | Identified a +0 war axe
  3292 | D:3      | Identified a +0 mace
  3293 | D:3      | Identified a +0 flail
  3293 | D:3      | Identified a +0 ring mail
  3293 | D:3      | Identified a +0 dagger
  3293 | D:3      | Identified a +0 robe
  3313 | D:3      | Reached skill level 1 in Armour
  3313 | D:3      | Reached skill level 3 in Stealth
  3313 | D:3      | Reached XP level 5. HP: 24/28 MP: 8/8
  3477 | D:3      | Reached skill level 3 in Fighting
  3931 | D:4      | Found a shadowy altar of Dithmenos.
  3937 | D:4      | Identified a +0 spear
  3940 | D:4      | Identified a +0 spear
  3940 | D:4      | Identified a +0 club
  4019 | D:4      | Reached skill level 3 in Invocations
  4273 | D:4      | Identified a cursed -3 hand axe
  4273 | D:4      | Identified a +0 leather armour
  4276 | D:4      | Identified a +0 dagger
  4276 | D:4      | Identified a +0 robe
  4277 | D:4      | Identified a +0 war axe
  4277 | D:4      | Identified a +0 scale mail
  4279 | D:4      | Identified a +0 dagger
  4279 | D:4      | Identified a +0 robe
  4282 | D:4      | Identified a +0 dagger
  4282 | D:4      | Identified a +0 robe
  4314 | D:4      | Reached skill level 5 in Dodging
  4456 | D:4      | Identified a +0 short sword
  4456 | D:4      | Identified a +0 robe
  4456 | D:4      | Noticed Blork the orc
  4505 | D:4      | Found a staircase to the Ecumenical Temple.
  4532 | D:4      | Reached XP level 6. HP: 21/32 MP: 9/9
  4533 | D:4      | HP: 8/32 [acid (8)]
  4839 | D:4      | Killed Blork the orc
  4839 | D:4      | Reached skill level 4 in Stealth
  5398 | D:4      | Noticed a sky beast
  5707 | D:4      | Identified a +0 whip
  5707 | D:4      | Identified a +0 short sword
  5707 | D:4      | Identified a +0 leather armour
  5707 | D:4      | Identified a +0 dagger
  5707 | D:4      | Identified a +0 robe
  5716 | D:4      | Identified a +0 short sword
  6153 | D:4      | Identified a +1 flail of protection
  6154 | D:4      | Identified a +0 dagger
  6154 | D:4      | Identified a +0 robe
  6173 | D:4      | Reached XP level 7. HP: 36/36 MP: 10/10
  6561 | D:4      | Reached *** piety under Lugonu
  6561 | D:4      | Reached skill level 4 in Short Blades
  6611 | D:4      | Found Buacifu's Food Boutique.
  6624 | D:4      | Identified a +0 falchion of holy wrath
  6624 | D:4      | Identified a +0 ring mail
  6625 | D:4      | Identified a +0 mace
  6625 | D:4      | Identified a +0 leather armour
  6626 | D:4      | Identified a +0 flail
  6628 | D:4      | Identified a +0 dagger
  6628 | D:4      | Identified a +0 robe
  6632 | D:4      | Identified a +0 morningstar
  6696 | D:4      | Identified 3 potions of invisibility
  6697 | D:4      | Identified 2 potions of flight
  6698 | D:4      | Identified 2 potions of berserk rage
  6699 | D:4      | Identified 2 potions of stabbing
  6880 | D:4      | Reached skill level 6 in Dodging
  6880 | D:4      | Reached skill level 5 in Stealth
  7063 | D:4      | Found a staircase to the Ecumenical Temple.
  7150 | D:4      | Identified a +0 leather armour
  7202 | D:4      | Reached skill level 4 in Invocations
  7624 | D:4      | Found a shadowy altar of Dithmenos.
  7911 | D:4      | Found Buacifu's Food Boutique.
  7968 | D:5      | Entered Level 5 of the Dungeon
  7968 | D:5      | Identified a +0 mace
  7968 | D:5      | Identified a +0 ring mail
  7968 | D:5      | Identified a +0 club
  7968 | D:5      | Identified a +0 leather armour
  7968 | D:5      | Identified a +0 falchion
  7969 | D:5      | Identified a +0 dagger
  7969 | D:5      | Identified a +0 robe
  7969 | D:5      | Identified a +0 whip
  7969 | D:5      | Identified a cursed -1 war axe
  7970 | D:5      | Identified a +0 club
  7970 | D:5      | Identified a +0 leather armour
  7972 | D:5      | Identified a +2 dagger of holy wrath
  8100 | D:5      | Identified a +0 rapier
  8139 | D:5      | HP: 1/37 [orc/+0 rapier (9)]
  8145 | D:5      | Identified 2 potions of mutation
  8145 | D:5      | Gained mutation: You have a somewhat thin skeletal
                  | structure. (Dex +2, Stealth) [potion of mutation]
  8145 | D:5      | Gained mutation: Your mind is acute. (Int +2) [potion of
                  | mutation]
  8217 | D:5      | Identified a +0 giant club
  8219 | D:5      | Identified a +0 giant club
  8232 | D:5      | Identified a +0 giant club
  8278 | D:5      | Found a sand-covered staircase.
  8288 | Ossuary  | Entered an ossuary
  8294 | Ossuary  | Identified a +0 cloak (You found it on level 5 of the
                  | Dungeon)
  8518 | Ossuary  | Identified a potion of magic
  8577 | Ossuary  | Reached skill level 4 in Fighting
  8775 | Ossuary  | Reached **** piety under Lugonu
  8866 | Ossuary  | Reached skill level 2 in Armour
  8873 | Ossuary  | Reached XP level 8. HP: 31/42 MP: 12/12
  8981 | Ossuary  | Identified 3 scrolls of enchant weapon
  8983 | Ossuary  | Identified a ring of flight (You found it on level 1 of the
                  | Dungeon)
  9012 | D:5      | Reached skill level 6 in Stealth
  9124 | D:5      | Reached skill level 7 in Dodging
  9247 | D:5      | Identified a +0 scale mail
  9248 | D:5      | Identified a +0 dagger
  9248 | D:5      | Identified a +0 robe
  9257 | D:5      | Identified a +0 dagger
  9257 | D:5      | Identified a +0 leather armour
  9461 | D:5      | Reached skill level 5 in Short Blades
  9780 | D:6      | Identified a +0 short sword
  9901 | D:6      | Noticed a white ugly thing
  9909 | D:6      | HP: 4/42 [white ugly thing (29)]
  9923 | D:6      | Mangled by a white ugly thing

Table legend:
 A = Turns spent in this place as a percentage of turns spent in the entire game.
 B = Non-inter-level travel turns spent in this place as a percentage of non-inter-level travel turns spent in the entire game.
 C = Inter-level travel turns spent in this place as a percentage of turns spent in this place.
 D = Turns resting spent in this place as a percentage of non-inter-level travel turns spent in this place.
 E = Turns spent auto-exploring this place as a percentage of non-inter-level travel turns spent in this place.
 F = Non-inter-level travel turns spent in this place divided by the number of levels of this place that you've seen.
                   A       B       C       D       E      F
               +-------+-------+-------+-------+-------+----------------------
         Total | 100.0 | 100.0 |   2.2 |  38.8 |  34.1 | 882.0
       Dungeon |  91.0 |  90.8 |   2.4 |  38.4 |  36.4 | 1468.5
         Abyss |   1.8 |   1.8 |   0.0 |   0.0 |   0.0 |  43.8
       Ossuary |   7.2 |   7.4 |   0.0 |  53.1 |  14.0 | 716.0
               +-------+-------+-------+-------+-------+----------------------

Table legend:
 A = Kills in this place as a percentage of kills in entire the game.
 B = Kills by you in this place as a percentage of kills by you in the entire game.
 C = Kills by friends in this place as a percentage of kills by friends in the entire game.
 D = Other kills in this place as a percentage of other kills in the entire game.
 E = Experience gained in this place as a percentage of experience gained in the entire game.
 F = Experience gained in this place divided by the number of levels of this place that you have seen.
                   A       B       C       D       E      F
               +-------+-------+-------+-------+-------+----------------------
         Total | 100.0 | 100.0 |   N/A |   N/A | 100.0 | 187.0
       Dungeon |  80.4 |  80.4 |   N/A |   N/A |  88.5 | 303.5
       Ossuary |  19.6 |  19.6 |   N/A |   N/A |  11.5 | 236.0
               +-------+-------+-------+-------+-------+----------------------

Skill      XL: |  1  2  3  4  5  6  7  8 |
---------------+-------------------------+-----
Stealth        | 1 2 3 4 5 6 |  6.7
Invocations    | 2 3 4 |  4.8
Dodging        | 4 5 6 7 |  7.2
Short Blades   | 3 4 5 |  5.2
Armour         | 1 2 |  2.2
Fighting       | 3 4 |  4.4

Action                   |  1- 3 |  4- 6 |  7- 9 || total
-------------------------+-------+-------+-------++-------
Melee: Short sword       |    97 |       |       ||    97
       Whip              |    11 |   155 |   105 ||   271
       Rapier            |       |       |   204 ||   204
Throw: Dart              |       |       |    13 ||    13
       Boomerang         |       |       |     3 ||     3
Invok: Depart the Abyss  |     1 |       |       ||     1
       Bend Space        |       |     1 |     1 ||     2
Evoke: Wand              |       |       |     3 ||     3
  Use: Scroll            |     1 |     1 |     8 ||    10
       Potion            |       |       |     4 ||     4
 Stab: Sleeping          |     7 |     5 |    22 ||    34
  Eat: Ration            |       |     2 |     2 ||     4
Armor: Robe              |    19 |    12 |    12 ||    43
Dodge: Dodged            |    98 |   136 |   200 ||   434

Vanquished Creatures
  A sky beast (D:4)
  2 ogres (D:5)
  Blork the orc (D:4)
  A scorpion (D:5)
  A jelly (D:4)
  2 crimson imps (D:5)
  9 orc wizards
  2 bullfrog skeletons
  A hound (D:4)
  An orc priest (D:5)
  Jessica (D:2)
  An iguana (D:4)
  5 worker ants
  12 mummies (Ossuary)
  5 gnolls
  7 adders
  2 adder zombies (D:6)
  3 worms
  3 dart slugs
  7 leopard geckos
  25 orcs
  12 bats
  A giant cockroach (D:1)
  8 goblins
  4 hobgoblins
  6 jackals
  6 kobolds
  3 quokkas
  A frilled lizard (D:1)
  3 gnoll skeletons (Ossuary)
  A goblin skeleton (Ossuary)
  4 orc skeletons (Ossuary)
  6 rats
  11 rat skeletons (Ossuary)
158 creatures vanquished.
